 Dungeon Crawl Stone Soup version 0.29.1-2-gbd0b4ee654 (webtiles) character file.

Game seed: 13945215685200885141

594 LustLizard the Firebug (level 7, -4/56 HPs)
             Began as a Hill Orc Fire Elementalist on Nov 7, 2022.
             Was an Initiate of Beogh.
             Killed from afar by an orc wizard (12 damage)
             ... with a puff of flame
             ... on level 5 of the Dungeon.
             The game lasted 00:08:40 (5298 turns).

LustLizard the Firebug (Hill Orc Fire Elementalist) Turns: 5298, Time: 00:08:41

Health: -4/56      AC:  8    Str: 13    XL:     7   Next: 39%
Magic:  2/10       EV: 10    Int: 15    God:    Beogh [......]
Gold:   115        SH:  0    Dex: 11    Spells: 3/10 levels left

rFire   . . .      SeeInvis .   o - +0 hand axe
rCold   . . .      Faith    .   (no shield)
rNeg    + . .      Spirit   .   B - +1 ring mail {rN+}
rPois   .          Reflect  .   n - +0 helmet
rElec   .          Harm     .   (no cloak)
rCorr   .          Rampage  .   z - +0 pair of gloves
Will    .....                   (no boots)
Stlth   +.........              (no amulet)
HPRegen 0.18/turn               (no ring)
MPRegen 0.12/turn               (no ring)

@: no status effects
A: no striking features
a: Renounce Religion


You were on level 5 of the Dungeon.
You worshipped Beogh.
Beogh was noncommittal.
You visited 1 branch of the dungeon, and saw 5 of its levels.

You collected 115 gold pieces.

Inventory:

Hand Weapons
 g - a +0 dagger
 j - a +1 vorpal broad axe
 o - a +0 hand axe (weapon)
Missiles
 p - 8 poisoned darts
Armour
 a - a +0 robe
 n - a +0 helmet (worn)
 z - a +0 pair of gloves (worn)
 B - a +1 ring mail of positive energy (worn)
Jewellery
 u - a ring of ice
Scrolls
 h - a scroll of blinking {unknown}
 i - a scroll of acquirement {unknown}
 m - 2 scrolls of fog {unknown}
 q - a scroll of vulnerability {unknown}
 s - a scroll of magic mapping {unknown}
 t - 4 scrolls of fear {unknown}
 v - 2 scrolls of noise {unknown}
 x - 3 scrolls of enchant armour {unknown}
 y - a scroll of poison {unknown}
 A - a scroll of amnesia {unknown}
Potions
 c - a potion of mutation
 d - a potion of resistance
 e - a potion of degeneration
 f - 3 potions of curing
 k - 2 potions of cancellation
 l - a potion of attraction
 r - 3 potions of ambrosia
 w - a potion of lignification
 D - a potion of berserk rage


   Skills:
 + Level 2.4 Fighting
 - Level 1.5 Dodging
 + Level 2.5 Stealth
 + Level 2.3 Spellcasting
 * Level 3.3 Conjurations
 * Level 2.6 Hexes
 * Level 5.0 Fire Magic
 * Level 1.6 Air Magic
 * Level 1.6 Poison Magic


You had 3 spell levels left.
You knew the following spells:

 Your Spells              Type           Power      Damage    Failure   Level
a - Foxfire               Conj/Fire      56%        2x1d6     9%          1
b - Inner Flame           Hex/Fire       13%        N/A       28%         3
c - Mephitic Cloud        Conj/Pois/Air  8%         N/A       50%         3

Your spell library contained the following spells:

 Spells                   Type           Power      Damage    Failure   Level
 Scorch                   Fire           32%        2d7       9%          2
 Magic Dart               Conj           44%        1d5       12%         1
 Conjure Flame            Conj/Fire      14%        6-21      26%         3
 Ensorcelled Hibernation  Hex/Ice        10%        N/A       38%         2
 Call Imp                 Summ           1%         N/A       56%         2
 Spider Form              Tmut/Pois      4%         N/A       69%         3
 Flame Wave               Conj/Fire      14%        2d6       63%         4
 Anguish                  Hex/Necr       2%         N/A       95%         4
 Dispersal                Tloc           0%         N/A       100%        6
 Disjunction              Tloc           0%         N/A       100%        8


Dungeon Overview and Level Annotations

Branches:
Dungeon (5/15)
 Temple: D:4-7

Altars:
Elyvilon
Fedhas
Kikubaaqudgha
Makhleb
Okawaru


Message History

The orc priest is lightly wounded.
Casting: Foxfire (safe; 9% risk of failure)
Confirm with . or Enter, or press ? or * to list all spells.
You conjure some foxfire!
The foxfire hits the orc priest.
The orc priest is heavily wounded.
The foxfire hits the orc priest.
The orc priest is severely wounded.
Casting: Foxfire (safe; 9% risk of failure)
Confirm with . or Enter, or press ? or * to list all spells.
You conjure some foxfire!
The foxfire hits the orc priest.
The orc priest is almost dead.
The foxfire hits the orc priest.
The orc priest is almost dead.
The orc priest invokes the aid of Beogh against you.
Pain shoots through your body!
* * * LOW HITPOINT WARNING * * *
Casting: Foxfire (safe; 9% risk of failure)
Confirm with . or Enter, or press ? or * to list all spells.
You conjure some foxfire!
The foxfire hits the orc priest.
You kill the orc priest!
Beogh accepts your kill.
Beogh appreciates your killing of a heretic priest.
Your Fire Magic skill increases to level 5!
Casting: Foxfire (safe; 9% risk of failure)
Confirm with . or Enter, or press ? or * to list all spells.
You conjure some foxfire!
The foxfire hits the orc wizard but does no damage. x2
The foxfire hits the orc wizard.
The orc wizard is lightly wounded.
Your magical contamination has completely faded away.
Casting: Foxfire (safe; 9% risk of failure)
Confirm with . or Enter, or press ? or * to list all spells.
You conjure some foxfire!
The foxfire hits the orc wizard.
The orc wizard is moderately wounded.
The foxfire hits the orc wizard.
The orc wizard is severely wounded.
The orc wizard casts a spell at you. The puff of flame hits you!
You die...
Beogh appreciates the orc wizard's killing of a heretic priest.

.........##..................
.......#.###.........?.......
.....#.#.....................
#....#.#.............#.##†...
#..### ....#........##.###...
...###........#...# ... ...
#....§..##)...#.... #.
#..§v.##......§...
#@o)...#.......
#v....###.o...#
#........###### ##.......#
##......# #.....## ......#
........# ......#..#


You could see an orc wizard (ally target).

Vanquished Creatures
  Blork the orc (D:4)
  2 scorpions (D:5)
  A howler monkey (D:5)
  An orc priest (D:5)
  A hound (D:4)
  5 iguanas
  2 orc wizards (D:3)
  5 adders
  An ufetubus (D:4)
  3 worms
  A dart slug (D:5)
  6 orcs
  5 endoplasms
  4 giant cockroaches
  6 goblins
  5 hobgoblins
  5 jackals
  6 quokkas
  4 ball pythons
  4 bats
  2 frilled lizards (D:1)
  3 kobolds
  4 rats
77 creatures vanquished.

Vanquished Creatures (others)
  327 foxfires
327 creatures vanquished.

Grand Total: 404 creatures vanquished

Notes
Turn   | Place    | Note
-------+----------+-------------------------------------------
     0 | D:1      | LustLizard the Hill Orc Fire Elementalist began the quest
                  | for the Orb.
     0 | D:1      | Reached XP level 1. HP: 14/14 MP: 3/3
   280 | D:1      | Reached XP level 2. HP: 20/20 MP: 1/4
  1026 | D:2      | Reached XP level 3. HP: 27/27 MP: 0/5
  1077 | D:2      | Found a faded altar of an unknown god.
  1093 | D:2      | Reached skill level 1 in Fighting
  1447 | D:2      | Reached skill level 4 in Fire Magic
  1560 | D:2      | Learned a level 3 spell: Inner Flame
  1743 | D:2      | Reached XP level 4. HP: 35/35 MP: 1/6
  1858 | D:2      | Found a white marble altar of Elyvilon.
  2263 | D:3      | Reached skill level 1 in Hexes
  2263 | D:3      | Reached XP level 5. HP: 38/40 MP: 3/8
  3112 | D:3      | Found a blossoming altar of Fedhas.
  3112 | D:3      | Found an iron altar of Okawaru.
  3179 | D:4      | Learned a level 3 spell: Mephitic Cloud
  3660 | D:4      | Noticed Blork the orc
  3672 | D:4      | Killed Blork the orc
  3673 | D:4      | Reached XP level 6. HP: 44/48 MP: 1/9
  3869 | D:4      | Found an ancient bone altar of Kikubaaqudgha.
  4097 | D:4      | Found a burning altar of Makhleb.
  4214 | D:4      | Reached skill level 1 in Air Magic
  4214 | D:4      | Reached skill level 1 in Poison Magic
  4731 | D:5      | Entered Level 5 of the Dungeon
  5146 | D:5      | Reached XP level 7. HP: 45/55 MP: 2/10
  5260 | D:5      | Became a worshipper of Beogh the Brigand
  5297 | D:5      | Reached skill level 5 in Fire Magic
  5298 | D:5      | Killed from afar by an orc wizard

Illustrated notes

Levels and vault maps discovered:
D:1:      sevenhm_arrival_forest_fort_small_3, layout_loops_ring,
          minmay_strange_pillars
D:2:      layout_rooms, basic_altar, shapermc_ecumenical_altar_venn,
          minmay_randomly_rotated_circles
D:3:      layout_basic, gammafunk_temple_overflow_wave,
          kennysheep_cross_bottleneck
D:4:      wad_pebble_path, layout_layer_cave, lemuel_doored_altar,
          makhleb_heckhound_becter, uniq_blork_the_orc
D:5:      layout_cave_pools, minmay_temple_entry_drinking_statues, st_stairs_8

Skill      XL: |  1  2  3  4  5  6  7 |
---------------+----------------------+-----
Fighting       | 1 2 |  2.4
Fire Magic     | 4 5 |  5.0
Conjurations   | 2 3 |  3.3
Stealth        | 2 |  2.5
Spellcasting   | 2 |  2.3
Hexes          | 1 2 |  2.6
Air Magic      | 1 |  1.6
Poison Magic   | 1 |  1.6
Dodging        | |  1.5

Action                   |  1- 3 |  4- 6 |  7- 9 || total
-------------------------+-------+-------+-------++-------
Melee: Unarmed           |    19 |       |       ||    19
       Dagger            |    11 |       |       ||    11
       Hand axe          |     2 |    62 |    16 ||    80
       Punch             |       |     1 |       ||     1
 Cast: Foxfire           |    67 |    97 |    24 ||   188
Invok: Convert to Beogh  |       |       |     1 ||     1
  Use: Scroll            |       |    10 |     2 ||    12
       Potion            |       |     1 |     2 ||     3
 Stab: Sleeping          |       |     1 |       ||     1
Armor: Robe              |     5 |    20 |       ||    25
       Ring mail         |       |       |    21 ||    21
Dodge: Dodged            |    17 |    42 |    29 ||    88
